 Dungeon Crawl Stone Soup version 0.20.0-15-g7f486f2 (webtiles) character file.

424 sankara the Slasher (level 6, 0/49 HPs)
             Began as a Vampire Fighter on June 24, 2017.
             Was a Follower of Ashenzari.
             Succumbed to an orc wizard's poison
             ... on level 3 of the Dungeon.
             The game lasted 00:09:36 (3572 turns).

sankara the Slasher (Vampire Fighter)               Turns: 3572, Time: 00:09:36

Health: 0/49       AC: 14    Str: 15    XL:     6   Next: 64%
Magic:  6/6        EV:  1    Int: 11    God:    Ashenzari [*.....]
Gold:   369        SH:  9    Dex: 15    Spells: 5/5 levels left

rFire    . . .     SeeInvis +   a - +0 long sword
rCold    + . .     Gourm    .   c - +0 shield
rNeg     . . .     Faith    .   l - +0 plate armour
rPois    .         Spirit   .   b - +0 helmet
rElec    .         Reflect  .   (no cloak)
rCorr    .         Harm     .   u - +0 pair of gloves
MR       .....                  n - +0 pair of boots
Stlth    ..........             (no amulet)
Regen    0.4/turn               t - ring of protection from cold
MPRegen  0.1/turn               (no ring)

@: lethally poisoned (0 -> -35), regenerating quickly
A: fangs 3, see invisible, unbreathing
a: Curse Item, Scrying, Renounce Religion


You were on level 3 of the Dungeon.
You worshipped Ashenzari.
Ashenzari was aware of your devotion.
You were full.

You visited 1 branch of the dungeon, and saw 4 of its levels.

You collected 369 gold pieces.

Inventory:

Hand Weapons
 a - a +0 long sword (weapon)
Armour
 b - a +0 helmet (worn)
 c - a +0 shield (worn)
 l - a +0 plate armour (worn)
 n - a +0 pair of boots (worn)
 u - a +0 pair of gloves (worn)
Jewellery
 m - an uncursed ring of fire
 t - a ring of protection from cold (left hand)
Scrolls
 f - 2 scrolls of teleportation {unknown}
 g - a scroll of amnesia {unknown}
 h - 3 scrolls of recharging {unknown}
 i - 4 scrolls of identify {unknown}
 k - a scroll of magic mapping {unknown}
 w - a scroll of noise {unknown}
Potions
 d - a potion of might
 e - 12 potions of blood
 j - a potion of ambrosia {unknown}
 o - a potion of lignification {unknown}
 p - 4 potions of curing {unknown}
 q - a potion of cancellation {unknown}
 r - 2 potions of invisibility {unknown}
 s - 2 potions of agility {unknown}
 v - a potion of mutation {unknown}


   Skills:
 + Level 4.6 Fighting
 * Level 5.6 Long Blades
 - Level 2.4 Armour
 - Level 3.0 Shields


You had 5 spell levels left.
You didn't know any spells.

Dungeon Overview and Level Annotations

Branches:
Dungeon (4/15)
 Temple: D:4-7

Altars:
Ashenzari
Qazlal


Innate Abilities, Weirdness & Mutations

Your natural rate of healing is unusually fast.
You have razor-sharp teeth.
You have supernaturally acute eyesight. (SInv)
You can survive without breathing.


Message History

The orc wizard looks satisfied for a moment.
The orc hits you but does no damage.
You feel very sick. You block the orc wizard's attack.
The orc wizard hits you but does no damage.
The orc hits you but does no damage.
The orc wizard hits you but does no damage.
You are more poisoned.
You climb upwards.
You feel very sick.
There is a stone staircase leading down here.
You are too injured to fight recklessly!
You are too injured to fight recklessly!
You are too injured to fight recklessly!
Unknown command.
You feel very sick.
The orc wizard points at you and mumbles some strange words.
The puff of flame hits you!
* * * LOW HITPOINT WARNING * * *
You die...

.....## ##..# #..#..# # ....##
#...# ##.##.# # #...# ####.#.#
#..#.# #.### ######....#.#
##...#### #.# ###......####.##
#####...
#.#####...#######....#####.....##
....รทรท)....................######
....#############....#######.....
................@....# ##......
#################.o..# #.......
#oo..# #....... #....# #.......
#....# #.....<. ###### #.......
#....... ##...... ##.....


You could see 2 orc wizards and an orc.

Vanquished Creatures
  A phantom (D:4)
  2 howler monkeys (D:4)
  Jessica (D:2)
  2 worker ants (D:4)
  A hound skeleton (D:4)
  A gnoll (D:1)
  6 adders
  A shadow imp (D:3)
  2 oozes (D:2)
  2 worms
  3 dart slugs
  3 leopard geckos
  6 orcs
  8 giant cockroaches
  8 goblins
  6 hobgoblins
  9 jackals
  2 quokkas (D:2)
  3 ball pythons
  7 bats
  2 frilled lizards
  5 kobolds
  8 rats
  A fungus (D:2)
90 creatures vanquished.

Notes
Turn   | Place    | Note
-------+----------+-------------------------------------------
     0 | D:1      | sankara the Vampire Fighter began the quest for the Orb.
     0 | D:1      | Reached XP level 1. HP: 17/17 MP: 1/1
   256 | D:1      | Reached XP level 2. HP: 23/23 MP: 2/2
   616 | D:1      | Reached XP level 3. HP: 24/29 MP: 3/3
   628 | D:1      | Found a shattered altar of Ashenzari.
   698 | D:1      | Became a worshipper of Ashenzari the Shackled
  1382 | D:2      | Reached skill level 3 in Long Blades
  1709 | D:2      | Reached XP level 4. HP: 35/35 MP: 4/4
  1892 | D:2      | Noticed Jessica
  1897 | D:2      | Killed Jessica
  2116 | D:3      | Reached skill level 4 in Long Blades
  2261 | D:3      | Reached XP level 5. HP: 35/42 MP: 5/5
  2319 | D:3      | Found a faded altar of an unknown god.
  2630 | D:3      | Noticed a water elemental
  2632 | D:3      | Found a stormy altar of Qazlal.
  2633 | D:3      | Noticed a fire elemental
  2633 | D:3      | Noticed an air elemental
  2947 | D:4      | Reached * piety under Ashenzari
  3137 | D:4      | Noticed a phantom
  3141 | D:4      | Reached XP level 6. HP: 45/48 MP: 6/6
  3155 | D:4      | Reached skill level 5 in Long Blades
  3572 | D:3      | Succumbed to an orc wizard's poison

Skill      XL: |  1  2  3  4  5  6 |
---------------+-------------------+-----
Fighting       | 3 4 |  4.6
Shields        | 3 |  3.0
Long Blades    | 3 4 5 |  5.6
Armour         | |  2.4

Action                   |  1- 3 |  4- 6 || total
-------------------------+-------+-------++-------
Melee: Long sword        |   128 |   294 ||   422
       Bite              |    15 |    26 ||    41
  Use: Potion            |       |    13 ||    13
Armor: Scale mail        |    23 |       ||    23
       Plate armour      |    58 |   203 ||   261
Dodge: Dodged            |    14 |    14 ||    28
Block: Shield            |    71 |   131 ||   202
       Rpst.: Long sword |     6 |     4 ||    10
